[Event "*** Titled Tuesday Blitz"]
[Site "Chess.com"]
[Date "2021.04.06"]
[Round "7"]
[White "JQuiroga18"]
[Black "Susik_Gaboyan"]
[Result "1-0"]
[WhiteElo "2423"]
[BlackElo "2261"]
[TimeControl "180+1"]
[EndTime "11:19:57 PDT"]
[Termination "JQuiroga18 won on time"]

1. e4 c5 2. Nf3 Nc6 3. d4 cxd4 4.
Nxd4 Nf6 5. Nc3 e5 6. Ndb5 d6 7. Bg5 a6 8. Na3 b5 9. Nd5 Be7 10. Bxf6 Bxf6 11. c3 Bg5 12. Nc2 Ne7 13. a4 bxa4 14.
Rxa4 Nxd5 15. Qxd5 Be6 16. Qb7 O-O 17. Nb4 a5 18.
Nc6 Qd7 19. Qxd7 Bxd7 20. Bb5 Bxc6 21. Bxc6 Rab8 22. b4 axb4 23. cxb4 f5 24. O-O fxe4 25. Bxe4 Bd8 26. Bc6 Bb6 27. b5 Rbd8 28. Bd5+ Kh8 29. Ra6 Rb8 30. g3 Bc5 31. Bc6 d5 32. Bxd5 Rxb5 33.
Ra2 Bd4 34. Be4 Rb2 35. Rxb2 Bxb2 36. Kg2 Bd4 37. f3 Rb8 38. Rc1 g6 39. Rc7 Rf8 40. h4 Rd8 41. Kh3 Bb6 42. Rb7 Bd4 43. Kg4 Kg8 44. Kg5 Be3+ 45. Kf6 Bd4 46. Rg7+ Kh8 47. Re7 Rf8+ 48. Kg5 Be3+ 49. Kg4 Kg8 50. h5 gxh5+ 51. Kxh5 h6 52. Rxe5 Bd4 53. Re6 Rf6 54. Rxf6 Bxf6 55. Kxh6 Be5 56. g4 Bf4+ 57. g5 Be3 58. Kg6 Bf4 59. Kf5 Bc1 60. Kg4 Kg7 61. f4 Bd2 62. f5 Bc3 63. Kf3 Kf7 64. Kf4 Bd2+ 65. Kg4 Bc3 66. Kh5 Bb2 67. Kh6 Bc1 68. Bd5+ Kf8 69. Kg6 Bb2 70. f6 Bc1 71. Kf5 Bd2 72. g6 Bh6 73. Be6 1-0

[Event "*** Titled Tuesday Blitz"]
[Site "Chess.com"]
[Date "2021.04.06"]
[Round "7"]
[White "gxbg2000"]
[Black "manuellarrea"]
[Result "0-1"]
[WhiteElo "2007"]
[BlackElo "2247"]
[TimeControl "180+1"]
[EndTime "11:19:58 PDT"]
[Termination "manuellarrea won on time"]

1. e4 c5 2. f4 Nc6 3. Nf3 g6 4.
c3 Nf6 5. Be2 Nxe4 6. d3 Nf6 7.
O-O Bg7 8. Ne5 O-O 9. Nd2 Qc7 10. Nxc6 Qxc6 11. Ne4 Nxe4 12. dxe4 Qxe4 13. Bf3 Qe6 14. Re1 Qf6 15. Be3 d6 16. Qb3 Rb8 17. Qa4 a6 18.
Rad1 b5 19. Qa5 Bb7 20. Bxb7 Rxb7 21. Qxa6 Rfb8 22. a3 Qf5 23. Qc6 h5 24. Qf3 b4 25.
axb4 cxb4 26. Bd4 bxc3 27. bxc3 Bxd4+ 28. cxd4 e6 29. h3 Rb3 30. Qf2 Rb2 31. Rd2 Rb1 32.
Red1 d5 33. Kh2 Rxd1 34. Rxd1 Rb4 35. Qd2 Rc4 36. Ra1 Kg7 37. Ra2 Qe4 38. Qf2 Qxd4 39. Qxd4+ Rxd4 40. Kg3 Rd3+ 41. Kf2 h4 42. Rb2 Kf6 43. Re2 Ra3 44. Rb2 Kf5 45. Rb4 Rc3 46. Rd4 Rc4 47. Rd2 Rxf4+ 48. Ke3 Re4+ 49. Kf3 g5 50. Ra2 Ke5 51. Ra7 f5 52. Ra2 g4+ 53. Kf2 Rc4 54. Re2+ Kf6 55. Rd2 d4 56. Re2 e5 57. Rd2 e4 58. Ra2 Kg5 59. Kg1 g3 60. Kf1 Rc1+ 61. Ke2 Rg1 62. Ra5 Rxg2+ 63. Kf1 Rf2+ 64.
Kg1 d3 65. Rd5 Rc2 66. Rd8 Kf4 67. Rd7 Kf3 0-1

[Event "*** Titled Tuesday Blitz"]
[Site "Chess.com"]
[Date "2021.04.06"]
[Round "7"]
[White "stepakyedael"]
[Black "atwalcb"]
[Result "0-1"]
[WhiteElo "2278"]
[BlackElo "2467"]
[TimeControl "180+1"]
[EndTime "11:20:03 PDT"]
[Termination "atwalcb won by checkmate"]

1. d4 Nf6 2. c4 e6 3. Nf3 b6 4. a3 Ba6 5. Qc2 b5 6. cxb5 Bxb5 7. Nc3 Ba6 8. g3 Bb7 9. Bg2 c5 10. dxc5 Bxc5 11. O-O O-O 12. Bg5 Be7 13. Rad1 h6 14.
Bf4 Na6 15. Bd6 Rc8 16. Qa4 Bxd6 17. Rxd6 Qc7 18. Rxa6 Bxa6 19. Qxa6 Rb8 20. Qd3 Rxb2 21. Ne4 Nxe4 22. Qxe4 d5 23. Qe5 Qxe5 24. Nxe5 Rxe2 25. Nc6 Ra8 26. Ra1 Rc2 27. Nd4 Rd2 28. Nf3 Rb2 29. Nd4 Rc8 30. a4 Rc4 31. Rd1 Rxa4 32. Nc6 Raa2 33.
Rf1 a5 34. Bf3 a4 35. Bd1 a3 36. Ba4 Rd2 37. Na5 Rab2 38. Bb3 a2 39. Bxa2 Rxa2 40.
Nc6 f6 41. Nd8 Re2 42. Nc6 e5 43. Nb4 Rad2 44. Nc6 d4 45. Ne7+ Kf7 46. Nf5 Ke6 47. g4 g6 48. Nxh6 d3 49. g5 f5 50. h4 Rc2 51. h5 d2 52. hxg6 Re1 53. g7 Rxf1+ 54. Kxf1 d1=Q+ 55. Kg2 Qd5+ 56. Kg3 Rc3+ 57. Kh2 Rc8 58.
g8=Q+ Rxg8 59. Nxg8 Kf7 60. Nf6 Qd2 61. Kg1 Kg6 62.
f4 e4 63. Kh1 e3 64. Nd5 Qxd5+ 65. Kg1 e2 66. Kf2 Qd1 67. Kg2 e1=Q 68. Kh2 Qh5+ 69. Kg2 Qg4+ 70. Kh2 Qeg1# 0-1

[Event "*** Titled Tuesday Blitz"]
[Site "Chess.com"]
[Date "2021.04.06"]
[Round "7"]
[White "Hikaru"]
[Black "Oleksandr_Bortnyk"]
[Result "1-0"]
[WhiteElo "3226"]
[BlackElo "2950"]
[TimeControl "180+1"]
[EndTime "11:20:10 PDT"]
[Termination "Hikaru won on time"]

1. e4 Nf6 2. Nc3 d6 3. d4 e5 4. Nf3 Nbd7 5. Bc4 Be7 6. O-O O-O 7. Qe2 c6 8. a4 a5 9. Rd1 Qc7 10. h3 h6 11. Be3 Re8 12. d5 Nf8 13. Kh2 Ng6 14.
g3 Rf8 15. Bb3 c5 16. Bc4 Nh7 17. Bd3 Bd7 18. Nd2 Qc8 19. Qf1 f5 20. exf5 Bxf5 21.
Bxf5 Qxf5 22. Nde4 Rf7 23. Qe2 h5 24. Rf1 Raf8 25. f3 h4 26. g4 Qd7 27. Kg2 Qd8 28.
Nb5 Nf4+ 29. Bxf4 Rxf4 30. Nbc3 Qe8 31. b3 Qf7 32. Rad1 Qg6 33. Kh1 b6 34. Rd3 Bg5 35.
Kg2 R4f7 36. Nb5 Be7 37. Re3 Ng5 38. Nxg5 Bxg5 39. Re4 Bf4 40. Na3 Bg5 41. Nc4 Rb8 42. Qd3 Qf6 43. Kf2 Qe7 44. Ke2 Qd7 45. Na3 Rbf8 46.
Nb5 Rf6 47. Nc3 R6f7 48. Kd1 Rb8 49. Re2 Rbf8 50. Ne4 Bf4 51. c3 Rc8 52. Qc4 Rcf8 53.
Kc2 Rc8 54. Qb5 Qc7 55. Kb2 Kf8 56. Rd1 Ke7 57. Rd3 Rff8 58. Re1 Rb8 59. Red1 Qd7 60. Qxd7+ Kxd7 61. Kc2 Rbc8 62. Rb1 Rc7 63. Rdd1 Rcc8 64. Kd3 Kc7 65. Kc4 Ra8 66. Kb5 Be3 67. Rd3 Bf4 68.
b4 axb4 69. cxb4 Ra7 70. Ra3 Rfa8 71. Rba1 Rb8 72. R3a2 Rba8 73. a5 bxa5 74. bxc5 Rb7+ 75. Kc4 Rb4+ 76. Kc3 dxc5 77. Rxa5 Rxa5 78. Rxa5 Rb1 79. d6+ Kc6 80. Rxc5+ Kd7 81. Rc7+ Kd8 82. Rxg7 Rd1 83. g5 Rf1 84. Nc5 Rc1+ 85. Kb4 Bd2+ 86. Kb5 1-0

[Event "*** Titled Tuesday Blitz"]
[Site "Chess.com"]
[Date "2021.04.06"]
[Round "7"]
[White "esapunov"]
[Black "babyking1205"]
[Result "0-1"]
[WhiteElo "2710"]
[BlackElo "2589"]
[TimeControl "180+1"]
[EndTime "11:20:15 PDT"]
[Termination "babyking1205 won by resignation"]

1. c4 g6 2. d4 Bg7 3. e4 c5 4. d5 d6 5. Bd3 Nd7 6. Nf3 Ngf6 7. h3 O-O 8. Nc3 e6 9. O-O exd5 10. cxd5 Re8 11. Re1 a6 12. a4 Nh5 13. Bg5 Qc7 14. Qd2 Ne5 15. Nxe5 Bxe5 16. Bc4 Bd7 17. f4 Bd4+ 18. Kh2 Qa5 19. g4 Ng7 20. Ra3 Qb4 21.
Bd3 h5 22. Kg3 b5 23. axb5 axb5 24. Rea1 Rxa3 25. Rxa3 c4 26. Bb1 Qc5 27. Ra6 f6 28. Bh6 h4+ 29. Kg2 Kh7 30. Bxg7 Kxg7 31. Ne2 Be3 32. Qe1 b4 33. Qxh4 c3 34. bxc3 bxc3 35.
Bd3 Bb5 36. Bxb5 Qxb5 37. Ra2 Qc4 38. Nxc3 Qxc3 39. g5 fxg5 40. fxg5 Kg8 41. Re2 Qd3 42. Qg4 Bd4 43. h4 Be5 44. Qf3 Qxf3+ 45. Kxf3 Rf8+ 46. Ke3 Rf4 47. Rc2 Rxh4 48. Rc8+ Kf7 49. Rc7+ Ke8 50. Rc8+ Kd7 51. Rg8 Bf4+ 52. Kf3 Bxg5 53. Rg7+ Kd8 54. Rxg6 Bf4 55. Rg8+ Ke7 56. Rg7+ Kf6 57. Rg8 Be5 58. Rf8+ Kg6 59. Rf5 Rh3+ 60. Ke2 Rg3 61. Kf2 Ra3 62. Ke2 Ra5 63. Kd3 Rxd5+ 64. Ke3 Ra5 65. Rf1 Ra3+ 66. Ke2 Kg5 67. Rf8 Kg4 68. Rf7 Kg3 69. Rf8 Kg2 70. Rf7 Rg3 71. Rf8 Rg4 72. Kd3 Rf4 73. Rg8+ Kf2 74. Rh8 Rf3+ 75. Kc4 Ke3 76.
Kd5 Kd2 77. Rh3 Rxh3 0-1

[Event "*** Titled Tuesday Blitz"]
[Site "Chess.com"]
[Date "2021.04.06"]
[Round "7"]
[White "Airquake"]
[Black "louis198"]
[Result "1-0"]
[WhiteElo "2674"]
[BlackElo "2554"]
[TimeControl "180+1"]
[EndTime "11:20:16 PDT"]
[Termination "Airquake won by resignation"]

1. g3 d5 2. Bg2 e6 3. Nf3 g6 4. O-O Bg7 5. d4 Ne7 6. b3 O-O 7. Bb2 a5 8. a4 Nbc6 9. Nbd2 Re8 10. e4 b6 11. c4 Bb7 12. Re1 Nb4 13. Bc3 c5 14. Ne5 cxd4 15. Bxd4 Bxe5 16. Bxe5 Nd3 17. Bf6 Nxe1 18. Qxe1 d4 19. Nf3 e5 20. Qd2 Qd6 21. Bxe5 Qe6 22. Bxd4 Rad8 23. Qh6 Rxd4 24. Ng5 Qf6 25.
e5 Qg7 26. Qxg7+ Kxg7 27. Bxb7 Nf5 28. Rb1 Re7 29. Bc6 Rd8 30. Nf3 Nd4 31. Nxd4 Rxd4 32. f4 f6 33. Re1 fxe5 34. fxe5 Rd3 35. Bd5 Rxb3 36. e6 Ra3 37. Rb1 Rxa4 38. Rxb6 Rb4 39.
Ra6 a4 40. Kf2 Kf6 41. Kf3 Ke5 42. Kg4 h6 43. h4 Rb3 44. Rxa4 h5+ 45. Kh3 Rc3 46. Kh2 Kd4 47. Kh3 Ke3 48. Ra8 Kf2 49.
Rf8+ Kg1 50. Rf7 Re8 51. e7 Rc2 52. g4 Rh2+ 53. Kg3 Re2 54. gxh5 gxh5 55. Kf4 R8xe7 56. Rxe7 Rxe7 57. Kg5 Re5+ 58. Kf6 Re3 59. Kg6 Re5 60. Bf3 Rc5 61. Bd5 Kf2 62. Kxh5 Ke3 63. Kg6 Kf4 64. h5 Ra5 65. h6 Ra6+ 66. Kg7 Kg5 67. h7 Rg6+ 68. Kf8 Rf6+ 69. Ke7 Rh6 70. Bg8 Kf5 71. c5 Ke5 72. Kd7 Kf6 73. c6 Kg7 74. c7 Rh1 75. c8=Q Rd1+ 76. Ke6 Re1+ 77. Kf5 Rf1+ 78. Kg4 Rg1+ 79.
Kf3 Rf1+ 80. Kg2 Rf6 81. Qc3 1-0

[Event "*** Titled Tuesday Blitz"]
[Site "Chess.com"]
[Date "2021.04.06"]
[Round "7"]
[White "Caterpiller35"]
[Black "Arseniy_Nesterov"]
[Result "1/2-1/2"]
[WhiteElo "2458"]
[BlackElo "2743"]
[TimeControl "180+1"]
[EndTime "11:20:18 PDT"]
[Termination "Game drawn - insufficient material"]

1. d4 d6 2. e4 Nf6 3. Nc3 e5 4. Nf3 Nbd7 5. Bc4 Be7 6. O-O O-O 7. Qe2 c6 8. a4 b6 9. Rd1 Qc7 10. d5 Bb7 11. Bg5 h6 12. Bxf6 Nxf6 13. dxc6 Bxc6 14. Nd5 Bxd5 15. Bxd5 Nxd5 16. Rxd5 Rac8 17.
c3 Qc4 18. Qxc4 Rxc4 19. Nd2 Rc6 20. f3 Rfc8 21. Rd1 g6 22. c4 Kg7 23. b3 Kf6 24.
Nb1 Ke6 25. Nc3 a6 26. Kf2 f5 27. Ke3 Bg5+ 28. Ke2 h5 29. g3 h4 30. exf5+ gxf5 31.
g4 Be7 32. gxf5+ Kxf5 33. Rg1 Rh8 34. Ne4 Rh6 35. Rg7 Ke6 36. a5 bxa5 37. Rxa5 Rb6 38. Nc3 Rxb3 39. Nd5 Bf8 40. Rg8 Kf7 41. Rg4 Rb2+ 42.
Kd3 Rxh2 43. Rxa6 Rf2 44. Ra7+ Ke6 45. Ke4 Re2+ 46. Kd3 Re1 47. Rg8 h3 48. Rxf8 Rd1+ 49. Ke4 Re1+ 50. Kd3 Rd1+ 51. Ke2 Rxd5 52. cxd5+ Kxd5 53. Ra1 Ke6 54. Rh1 d5 55. Re8+ Kf5 56. Rd8 d4 57.
Kf2 Rh7 58. Kg3 Rg7+ 59. Kxh3 Kf4 60. Rf8+ Ke3 61. Re1+ Kf2 62. Rxe5 Rg3+ 63. Kh4 Rxf3 64. Rd8 d3 65. Red5 Ke2 66. Kg4 Re3 67. Rd4 Rf3 68. Re8+ Re3 69. Rde4 Rxe4+ 70. Rxe4+ Kf2 71. Kf4 d2 72.
Rd4 Ke2 73. Rxd2+ Kxd2 1/2-1/2

[Event "*** Titled Tuesday Blitz"]
[Site "Chess.com"]
[Date "2021.04.06"]
[Round "7"]
[White "SF-96"]
[Black "Nils_03"]
[Result "1/2-1/2"]
[WhiteElo "2573"]
[BlackElo "2394"]
[TimeControl "180+1"]
[EndTime "11:20:35 PDT"]
[Termination "Game drawn - insufficient material"]

1. Nf3 d5 2. g3 Nf6 3. Bg2 c6 4. O-O Bf5 5. d4 h6 6. c4 e6 7. Bf4 Be7 8. Qb3 Qc8 9. Nc3 O-O 10. Rac1 Nbd7 11. Ne5 Nb6 12. cxd5 exd5 13. a4 Ne4 14. a5 Nxc3 15. Rxc3 Nc4 16. Nxc4 dxc4 17. Qxc4 Qe6 18. Qxe6 Bxe6 19. a6 bxa6 20. Bxc6 Rac8 21. d5 Bh3 22.
Rd1 Bf6 23. Rb3 g5 24. Be3 Rfd8 25. Bxa7 Rxc6 26. Bb6 Rd7 27. f3 Rc2 28. Kf2 Be6 29.
Rbd3 Bf5 30. R3d2 Rxb2 31. Rxb2 Bxb2 32. e4 Bg6 33. Rb1 Be5 34. Bc5 f5 35. Rb6 Kf7 36. Rxa6 fxe4 37. fxe4 Bxe4 38. Rxh6 Rxd5 39. Be3 Bd4 40.
Bxd4 Rxd4 41. Ke3 Ra4 42. Rb6 Bf5 43. Rb2 g4 44. Rd2 Kf6 45. Rb2 Kg5 46. Rd2 Re4+ 47. Kf2 Re6 48. Rb2 Rh6 49. Kg2 Rc6 50. Rd2 Rc3 51. Rb2 Be4+ 52. Kg1 Rc1+ 53. Kf2 Rc2+ 54. Rxc2 Bxc2 55. Kg2 Be4+ 56. Kf2 Kf5 57. Ke3 Bg2 58. Kf2 Bh3 59. Ke3 Ke5 60. Kd3 Kd5 61. Ke3 Kc4 62.
Ke4 Kc3 63. Ke3 Kc4 64. Ke4 Kc5 65.
Ke5 Kb4 66. Kd4 Ka3 67. Kc3 Bg2 68. Kd4 Bc6 69. Kc5 Bd7 70. Kd4 Kb4 71. Ke3 Kc3 72. Ke2 Kd4 73. Kd2 Ke4 74. Ke2 Bb5+ 75. Kf2 Kd3 76.
h3 gxh3 77. g4 Bd7 78. g5 Ke4 79. g6 Kf5 80. g7 Be6 81. Kg3 Kf6 82. g8=Q Bxg8 83.
Kxh3 1/2-1/2

[Event "*** Titled Tuesday Blitz"]
[Site "Chess.com"]
[Date "2021.04.06"]
[Round "7"]
[White "MarkoPe"]
[Black "retropwr"]
[Result "1-0"]
[WhiteElo "2280"]
[BlackElo "2402"]
[TimeControl "180+1"]
[EndTime "11:20:39 PDT"]
[Termination "MarkoPe won by checkmate"]

1. e4 d6 2. d4 Nf6 3. Nc3 e5 4. dxe5 dxe5 5. Qxd8+ Kxd8 6. Bc4 Be6 7. Bxe6 fxe6 8. f3 Bd6 9. Be3 Ke7 10. Nge2 Nc6 11. O-O-O a6 12. Na4 Nd7 13. Rd2 b5 14. Nac3 h6 15.
h4 Na5 16. b3 Nb7 17. h5 Rhc8 18. Kb2 c5 19. Rhd1 c4 20. b4 Nf6 21. a3 Nxh5 22.
Bf2 Rd8 23. Bb6 Rd7 24. Bf2 Nf6 25. Bh4 Rad8 26. Nc1 Bc7 27. Rxd7+ Rxd7 28. Rxd7+ Kxd7 29. a4 Kc6 30. axb5+ axb5 31. N1e2 Bd6 32. Ka3 Nh5 33. Ng1 g5 34. Bf2 Nf4 35. g3 Ng6 36. Nh3 Be7 37.
Be3 Nd6 38. Nf2 h5 39. Nh3 Nf7 40. Ne2 h4 41. g4 Nf4 42. Neg1 Nd8 43. Ba7 Kb7 44.
Bc5 Bxc5 45. bxc5 Nc6 46. Nxg5 Nd4 47. c3 Nc2+ 48. Kb2 Ne3 49. N1h3 Nd3+ 50. Kb1 Nxc5 51.
Nf7 Nd7 52. g5 Nf8 53. Nxe5 Kc7 54. g6 Nxg6 55. Nxg6 Nf1 56. Nxh4 Kd6 57. Kc2 e5 58. Nf5+ Kc5 59. Nf2 b4 60. cxb4+ Kxb4 61. Ng4 Nh2 62. Nxe5 Nf1 63. f4 Kc5 64. Nf3 c3 65. Kxc3 Kc6 66. Kd4 Kd7 67. Ke5 Ke8 68. Ng5 Kf8 69. Nd4 Ne3 70.
Nge6+ Ke7 71. f5 Ke8 72. Kf6 Nc4 73. e5 Ne3 74. Nf3 Nd5+ 75. Kg6 Ne3 76. f6 Kd7 77. f7 Kxe6 78. f8=Q Kd5 79. Qa8+ Kc4 80. e6 Nd5 81. Qxd5+ Kxd5 82. e7 Ke4 83. e8=Q+ Kxf3 84. Qe5 Kg2 85.
Qf4 Kh1 86. Qd2 Kg1 87. Kg5 Kh1 88. Kg4 Kg1 89. Kg3 Kh1 90. Qg2# 1-0

[Event "*** Titled Tuesday Blitz"]
[Site "Chess.com"]
[Date "2021.04.06"]
[Round "7"]
[White "tapu2"]
[Black "AldokhinIvan"]
[Result "0-1"]
[WhiteElo "2646"]
[BlackElo "2534"]
[TimeControl "180+1"]
[EndTime "11:20:44 PDT"]
[Termination "AldokhinIvan won by resignation"]

1. e4 c5 2. Nc3 e6 3. f4 Nc6 4. Nf3 d5 5. Bb5 Ne7 6. Ne5 Bd7 7. exd5 exd5 8. Bxc6 Nxc6 9. O-O Nxe5 10. fxe5 Be6 11. d4 cxd4 12. Qxd4 Rc8 13. Be3 b6 14. Rad1 Bc5 15. Qa4+ Qd7 16. Qf4 O-O 17. Kh1 Bxe3 18. Qxe3 Rc4 19. Rd4 Qc6 20. Rfd1 h6 21. h3 Re8 22.
R4d3 b5 23. Ne2 Re4 24. Nd4 Qc7 25. Qg3 a6 26. Re1 Rxe1+ 27. Qxe1 Bc8 28. Re3 Qc4 29. c3 Qxa2 30. b4 Qc4 31. Qh4 Qc7 32. Qf4 Qe7 33. Kh2 Qg5 34. Qxg5 hxg5 35. g4 Kh7 36. Kg3 Kg6 37. Re2 Re7 38. Nc6 Rc7 39. Nd4 Rxc3+ 40. Kg2 Rc4 41. Nf3 Rxb4 42. Rd2 d4 43. Nxd4 Bb7+ 44. Kh2 Be4 45. Nf5 Bxf5 46. gxf5+ Kxf5 47. Rf2+ Rf4 48. Rd2 Kxe5 49. Re2+ Re4 50. Ra2 Ra4 51. Rc2 Kf6 52. Rc5 g6 53. Rc6+ Kg7 54. Rc5 Kh6 55. Rc7 f5 56. Rc8 Ra2+ 57. Kg3 Ra3+ 58. Kg2 Kg7 59.
Rc6 g4 60. hxg4 f4 61. Rb6 Rg3+ 62. Kf2 Rxg4 63. Rxa6 Rg3 64. Rb6 g5 65. Rxb5 Kg6 66. Rb8 Kh5 67. Rb5 Kg4 68. Rb1 Ra3 69. Rg1+ Kf5 70.
Rb1 Ra2+ 71. Kg1 Kg4 72. Rb3 f3 73. Rb5 Ra1+ 74. Kf2 Ra2+ 75. Kf1 Kf4 76. Rb4+ Kg3 0-1

[Event "*** Titled Tuesday Blitz"]
[Site "Chess.com"]
[Date "2021.04.06"]
[Round "7"]
[White "Diaschess88"]
[Black "Vesper2018"]
[Result "1/2-1/2"]
[WhiteElo "2406"]
[BlackElo "2540"]
[TimeControl "180+1"]
[EndTime "11:20:57 PDT"]
[Termination "Game drawn by repetition"]

1. d4 Nf6 2. c4 g6 3. Nc3 Bg7 4. e4 d6 5. Nge2 O-O 6. Ng3 e5 7. d5 h5 8. h4 Na6 9. Be2 Bd7 10. Bg5 Qe8 11. Qd2 Nc5 12. f3 a5 13. Nf1 a4 14.
Bd1 b5 15. cxb5 Bxb5 16. Bc2 Rb8 17. Ne3 Nh7 18. Ned1 Na6 19. Bh6 Nb4 20. Bb1 c6 21.
a3 Na6 22. dxc6 Qxc6 23. Nd5 Rb7 24. N1c3 Nc5 25. Bc2 Bxh6 26. Qxh6 Bd3 27. Bd1 Ne6 28. Bxa4 Qc5 29. b4 Qd4 30. Qd2 Rc8 31. Rc1 Kg7 32.
Bd1 Ra7 33. a4 f5 34. b5 fxe4 35. fxe4 Rf8 36. Qe3 Qxe3+ 37. Nxe3 Nc5 38. Bf3 Nf6 39. Rd1 Bxe4 40. Rxd6 Bxf3 41. gxf3 Rxa4 42. Nxa4 Nxa4 43. Ke2 Rb8 44. Ra1 Nc3+ 45. Kd3 Nxb5 46. Rc6 Rd8+ 47. Kc4 Nd6+ 48. Kc5 Nf7 49. Raa6 Nd7+ 50. Kb4 Nf8 51. Rc7 Rd3 52. Nc4 Rxf3 53. Nxe5 Rf4+ 54. Kc3 Ne6 55.
Rxf7+ Rxf7 56. Nxf7 Kxf7 57. Rb6 Kf6 58. Kd3 Kf5 59.
Ke3 g5 60. Rb5+ Kf6 61. hxg5+ Nxg5 62. Kf4 Ne6+ 63. Kg3 Kg6 64. Kh4 Kf6 65. Rxh5 Ng7 66.
Rh6+ Kf5 67. Rh7 Ne6 68. Rf7+ Ke5 69. Kg4 Kd5 70. Rf5+ Ke4 71. Rf6 Nd4 72. Rf4+ Ke5 73. Rf8 Ne6 74. Re8 Kf6 75. Rc8 Ke5 76. Rc6 Kf6 77. Ra6 Ke5 78. Ra5+ Ke4 79. Rb5 Nd4 80. Rb4 Ke5 81. Ra4 Ke4 82. Ra2 Ke5 83. Rd2 Ke4 84. Rf2 Ke5 85. Rf4 Ne6 86. Rf5+ Ke4 87. Ra5 Nd4 88.
Ra4 Ke5 89. Ra5+ Ke4 90. Kg3 Nf5+ 91. Kg4 Nd4 1/2-1/2

[Event "*** Titled Tuesday Blitz"]
[Site "Chess.com"]
[Date "2021.04.06"]
[Round "7"]
[White "TedBelanoff"]
[Black "TC2304"]
[Result "0-1"]
[WhiteElo "2111"]
[BlackElo "2284"]
[TimeControl "180+1"]
[EndTime "11:21:00 PDT"]
[Termination "TC2304 won on time"]

1. e4 Nc6 2. d4 e5 3. Nf3 exd4 4. Nxd4 Bc5 5. Nxc6 Qf6 6. Qf3 Qxf3 7. gxf3 dxc6 8.
Nc3 Be6 9. Be3 Bxe3 10. fxe3 O-O-O 11. Rd1 Ne7 12. b3 Ng6 13. f4 Bg4 14. Rxd8+ Rxd8 15. Be2 Bxe2 16. Kxe2 f6 17. Rg1 Rd7 18. Nd1 Re7 19. Nf2 b6 20. c4 c5 21. Rd1 Rd7 22. Rxd7 Kxd7 23. Kf3 Kd6 24. Ng4 a6 25. Kg3 b5 26.
Nf2 Ne7 27. Nd3 Nc6 28. f5 bxc4 29. bxc4 Nb4 30. e5+ fxe5 31. Nf2 Nc2 32. Ne4+ Kc6 33. Kf3 Na3 34. Nd2 Kd6 35. Ke4 Nc2 36. Nf3 Nb4 37. a4 Na2 38. Nxe5 Nc3+ 39. Kf4 Nxa4 40. Nf7+ Ke7 41. Ng5 Nb2 42. Ne4 Nd3+ 43. Kg5 a5 44.
Nc3 Nb2 45. Nd5+ Kd6 46. Nc3 Nxc4 47. e4 Ke5 48. h4 Nd6 49. Kg4 Nxe4 50. Nb5 c4 51.
Na3 c3 52. Nc4+ Kd4 53. Nxa5 c2 54. Nb3+ Kc3 55. Nc1 Kd2 56. Nb3+ Kc3 57. Nc1 Nf2+ 58. Kg5 Nd3 59. Ne2+ Kd2 60. Nd4 Ke3 61. Nxc2+ Ke4 62.
h5 Ne5 63. Ne1 h6+ 64. Kh4 Kxf5 65. Ng2 c5 66. Ne3+ Ke4 67. Nc2 c4 68. Kg3 c3 69.
Kf2 Nf3 70. Nb4 Nd4 71. Ke1 Kf5 72. Nd5 c2 73. Kd2 Kg5 74. Nc3 Kxh5 75. Ne4 Kg4 76. Nf2+ Kf3 77. Nd3 g5 78. Ne5+ Kf4 79. Ng6+ Kf5 80.
Ne7+ Kg4 81. Nd5 h5 82. Nf6+ Kf3 83. Nxh5 g4 84. Kc1 g3 85. Nxg3 Kxg3 86. Kd2 Kf3 87. Kc1 Ke4 88. Kd2 Kf3 89. Kc1 Ke3 90. Kb2 Kd2 91.
Ka2 Nb5 92. Kb3 c1=Q 93. Ka2 Nc3+ 94. Kb3 Qb1+ 95. Kc4 Qd3+ 96. Kb3 Nd5+ 0-1

[Event "*** Titled Tuesday Blitz"]
[Site "Chess.com"]
[Date "2021.04.06"]
[Round "7"]
[White "kirillshevchenko"]
[Black "GM_Crest"]
[Result "1-0"]
[WhiteElo "2839"]
[BlackElo "2708"]
[TimeControl "180+1"]
[EndTime "11:21:14 PDT"]
[Termination "kirillshevchenko won by resignation"]

1. e4 e6 2. d4 d5 3. Nc3 Bb4 4.
e5 c5 5. a3 Bxc3+ 6. bxc3 Nc6 7.
Qg4 g6 8. h4 Qa5 9. Bd2 h6 10.
a4 Bd7 11. Nf3 O-O-O 12. dxc5 Qxc5 13. Bd3 Kb8 14. O-O Rc8 15. Qf4 Rf8 16. Be3 Qa5 17.
Nd4 Nxd4 18. Bxd4 Ne7 19. Rfb1 Nc6 20. Rb5 Qc7 21. Rab1 Bc8 22. Bc5 Nxe5 23. Bxf8 Rxf8 24. Qxh6 Rd8 25. Qf4 Nc6 26. Qxc7+ Kxc7 27. c4 a6 28. R5b2 d4 29. Re1 e5 30. Be4 Re8 31. Bd5 Be6 32. Bxc6 bxc6 33. Rxe5 Kd6 34. Re4 c5 35. Rb6+ Kc7 36.
Rxa6 Rb8 37. Re5 Rb2 38. Rxc5+ Kd7 39. Rcc6 Rxc2 40. Rd6+ Kc7 41. Rxd4 Bxc4 42. Rf6 Be6 43. Kh2 Ra2 44. Rff4 Kc6 45. Kg3 Kc5 46. Rde4 Kd5 47.
Rb4 Ke5 48. Rfe4+ Kf5 49. Red4 Ra3+ 50. f3 Ke5 51. Rd2 Kf6 52. Kf2 Ke5 53. Re4+ Kf6 54.
Rdd4 Kf5 55. g4+ Kf6 56. Kg3 Ra2 57. h5 gxh5 58. gxh5 Kg5 59. Re5+ Kh6 60. a5 Ra3 61. Kf4 Kg7 62. Rc5 Kh6 63. Rb4 Kg7 64. Rb6 Ra4+ 65.
Ke5 Ra3 66. f4 Bg4 67. Kd6 Bf3 68. Kc7 Kh7 69. a6 Kg7 70. h6+ Kh7 71. Rf5 Kg8 72.
Rb8+ Kh7 73. Rxf7+ Kxh6 74. Rb6+ Kh5 75. Rg7 Ra4 76.
Rf7 Kg4 77. Kb8 Bd5 78. Rff6 Be4 79. a7 Bf3 80. Ra6 Rb4+ 81. Kc7 Rc4+ 82. Kd8 Rd4+ 83. Rfd6 Rxf4 84. Rf6 Rd4+ 85. Rfd6 Rf4 86. Rg6+ Kh4 87.
Rh6+ Kg3 88. Rag6+ Kf2 89. Rf6 Rd4+ 90. Kc7 Rc4+ 91. Kb6 Rb4+ 92. Ka5 Rb3 93. Rxf3+ Rxf3 94. Ra6 Rf5+ 95. Kb4 Rf4+ 96. Kb3 Rf3+ 97. Kb2 Rf8 98. a8=Q Rxa8 99. Rxa8 1-0

[Event "*** Titled Tuesday Blitz"]
[Site "Chess.com"]
[Date "2021.04.06"]
[Round "7"]
[White "Yurovskykh_Oleksandr"]
[Black "alexrustemov"]
[Result "1/2-1/2"]
[WhiteElo "2538"]
[BlackElo "2664"]
[TimeControl "180+1"]
[EndTime "11:21:33 PDT"]
[Termination "Game drawn by 50-move rule"]

1. d4 g6 2. e4 Bg7 3. c3 d6 4. Bg5 Nf6 5. Nd2 O-O 6. Ngf3 b6 7. Bd3 Bb7 8. Qe2 h6 9. Bf4 Nh5 10. Be3 e5 11. dxe5 dxe5 12. O-O Nf4 13. Bxf4 exf4 14. Rad1 Qe7 15. Rfe1 Nd7 16. Ba6 Bxa6 17. Qxa6 Nc5 18.
Qc4 Rad8 19. Nd4 Qd7 20. N2b3 Qa4 21. Qxa4 Nxa4 22. Nc6 Rxd1 23. Rxd1 Nxb2 24. Rd7 Na4 25. c4 Nc3 26. f3 Nxa2 27. Nxa7 c5 28. Nc6 Nc3 29.
Ne7+ Kh7 30. Nd5 b5 31. cxb5 Nxb5 32. Rb7 Nc3 33. Kf1 c4 34. Na5 Nxd5 35. exd5 Rc8 36. Nc6 c3 37. Ke2 Re8+ 38. Re7 Ra8 39. Nb4 Ra4 40. Nc2 Kg8 41. d6 Bf6 42. Re8+ Kg7 43. d7 Ra2 44. Kd3 Rb2 45. d8=Q Bxd8 46. Rxd8 Rb1 47.
Kxc3 Rg1 48. Rd2 g5 49. h3 Kg6 50. Nd4 h5 51. Kd3 f5 52. Rc2 g4 53. Rc6+ Kg5 54.
h4+ Kxh4 55. Nxf5+ Kg5 56. Rc5 Kf6 57. fxg4 hxg4 58.
Nh4 f3 59. gxf3 gxf3 60. Ke3 Rh1 61. Nxf3 Ra1 62. Ke4 Ke7 63. Nd4 Re1+ 64. Kd5 Kf7 65. Rc7+ Kf6 66. Rc8 Kf7 67. Rc6 Rd1 68. Ke4 Ke7 69.
Nf5+ Kd7 70. Ra6 Re1+ 71. Kd5 Rd1+ 72. Nd4 Ke7 73. Ra7+ Kf6 74. Ra8 Ke7 75. Rh8 Kd7 76. Rh7+ Kd8 77. Ke5 Ke8 78. Nc6 Re1+ 79. Kf6 Rf1+ 80.
Ke6 Re1+ 81. Ne5 Kd8 82. Kd6 Rd1+ 83. Kc5 Rc1+ 84. Nc4 Ke8 85. Ra7 Kf8 86. Kd5 Kg8 87. Ne5 Kf8 88. Ke6 Re1 89. Kf6 Rf1+ 90. Ke6 Re1 91. Ra2 Kg7 92. Rg2+ Kf8 93. Rg3 Re2 94.
Kf6 Rf2+ 95. Ke6 Re2 96. Rf3+ Kg7 97. Rf7+ Kg8 98. Rb7 Kf8 99. Kf6 Rf2+ 100. Kg5 Re2 101. Ng6+ Ke8 102. Nf4 Re1 103. Kf6 Kd8 104. Ne6+ Kc8 105. Rc7+ Kb8 106. Re7 Rf1+ 107. Ke5 Re1+ 108. Kd5 Rd1+ 109. Nd4 Rc1 110. Kd6 Rd1 111. Re8+ 1/2-1/2

[Event "*** Titled Tuesday Blitz"]
[Site "Chess.com"]
[Date "2021.04.06"]
[Round "7"]
[White "StockholmMissile"]
[Black "Evgeny81"]
[Result "1-0"]
[WhiteElo "2604"]
[BlackElo "2764"]
[TimeControl "180+1"]
[EndTime "11:21:40 PDT"]
[Termination "StockholmMissile won by resignation"]

1. d4 Nf6 2. c4 e5 3. dxe5 Ne4 4. a3 Nc6 5. Nf3 a5 6. Nbd2 Nc5 7. Nb3 Nxb3 8. Qxb3 d6 9. Bg5 Be7 10. Bxe7 Qxe7 11.
exd6 Qxd6 12. Rd1 Qf6 13. e3 O-O 14. Be2 a4 15. Qc3 Qxc3+ 16. bxc3 Na5 17. Nd4 Nb3 18.
Bf3 Nc5 19. Ke2 c6 20. Rd2 Re8 21. Rhd1 Kf8 22. g3 Ra6 23. Rb2 f6 24. h4 Kf7 25.
Bh5+ g6 26. Bf3 Be6 27. Nxe6 Rxe6 28. Rd4 Re7 29. h5 Nb3 30. Rd8 Ra5 31. hxg6+ hxg6 32. Kf1 Rf5 33. Kg2 Nc5 34. Ra8 Kg7 35. Rd2 Rfe5 36. Rdd8 f5 37. Rg8+ Kf6 38. Rgf8+ Kg7 39. Rg8+ Kf6 40.
Rgf8+ Rf7 41. Rfd8 Ree7 42. Bd1 Ne4 43. Bxa4 Nxc3 44. Bb3 c5 45. Rab8 Rc7 46. a4 Ne4 47. Bc2 Ng5 48. a5 Ne6 49. Re8 Rfe7 50. Bd1 Red7 51.
Bf3 Rd2 52. Bd5 Ng5 53. Rf8+ Ke7 54. Rfe8+ Kf6 55. Rf8+ Kg7 56. Rg8+ Kh6 57. Rh8+ Nh7 58. Bg8 Ra2 59. Bxh7 Rxh7 60. Rxh7+ Kxh7 61. Rxb7+ Kh6 62. Rb5 Kg7 63. Rxc5 Kf6 64. Rc6+ Ke5 65. a6 g5 66. c5 g4 67. Rc7 Rxa6 68. Re7+ Kf6 69. Rc7 Ra2 70. c6 Rc2 71. Rc8 Rc1 72. c7 Kg7 73. Kh2 Kh7 74. Rf8 Rxc7 75. Rxf5 Kg6 76. Re5 Kf6 77. Ra5 Kg6 78. Kg2 Rf7 79. Kf1 Rb7 80. Rd5 Rb2 81. Ke1 Ra2 82. Rd2 Ra7 83. Ke2 Ra3 84.
e4 Kg5 85. Rd3 Ra1 86. Ke3 Re1+ 87. Kd2 Ra1 88. Rd5+ Kg6 89. Ke3 Ra2 90. e5 Kf5 91. Rb5 Ra3+ 92. Ke2 Ra2+ 93. Kf1 Ra1+ 94. Kg2 Re1 95.
Kh2 Rxe5 96. Rxe5+ Kxe5 97. Kg2 Ke4 98. Kf1 Kd3 99.
Ke1 Kd4 100. Kd2 Ke4 101. Ke2 Kf5 102. Kd3 Ke5 103. Ke3 Kf5 104. Kd4 Kf6 105. Ke4 Kg5 106. Ke5 Kg6 107. Kf4 Kh5 108. Kf5 1-0